 Dungeon Crawl Stone Soup version 0.30.0-20-g3615ddf2f0 (webtiles) character file.

Game seed: 13105770589260297164

1085 qw the Chopper (level 8, -5/49 HPs)
             Began as a Gargoyle Fighter on May 30, 2023.
             Slain by a wyvern (10 damage)
             ... on level 7 of the Dungeon.
             The game lasted 00:02:12 (5931 turns).

qw the Chopper (Gargoyle Fighter)                   Turns: 5931, Time: 00:02:12

Health: -5/49      AC: 21    Str: 28    XL:     8   Next: 30%
Magic:  8/8        EV:  7    Int:  9    God:
Gold:   284        SH:  4    Dex:  9    Spells: 7/7 levels left

rFire   . . .        Y - +0 war axe
rCold   . . .        c - +0 buckler
rNeg    + . .        s - +0 plate armour
rPois   inf          o - +0 helmet
rElec   +            j - +0 cloak "Opniruca" {Contam +Inv SInv Stlth-}
rCorr   .            (no gloves)
SInv    +            i - +0 pair of boots
Will    .....        (no amulet) Stlth
                     q - +6 ring of strength
HPRegen 0.28/turn    (no ring)
MPRegen 0.11/turn

%: no passive effects
@: no status effects
A: sickness immunity, AC +5, negative energy resistance 1, electricity
resistance, torment resistance 1, petrification resistance
a: Evoke Invisibility


You were on level 7 of the Dungeon.
You visited 1 branch of the dungeon, and saw 7 of its levels.

You collected 284 gold pieces.


Innate Abilities, Weirdness & Mutations

You are immune to sickness and miasma.
Your stone body is resilient. (AC +5)
You are immune to poison.
You resist negative energy. (rN+)
You are resistant to electric shocks. (rElec)
You are resistant to unholy torment.
You are immune to petrification.


   Skills:
 - Level 5.1 Fighting
 - Level 7.2 Axes
 - Level 2.0 Throwing
 + Level 4.1 Armour
 - Level 1.6 Dodging
 - Level 3.2 Shields


You had 7 spell levels left.
You didn't know any spells.
Your spell library was empty.

Inventory:

Hand Weapons
 k - a +0 flail
 Y - a +0 war axe (weapon)
Missiles
 a - 2 boomerangs
 e - 3 silver boomerangs (quivered)
Armour
 c - a +0 buckler (worn)
 i - a +0 pair of boots (worn)
 j - the +0 cloak "Opniruca" (worn) {Contam +Inv SInv Stlth-}
   (You acquired it on level 5 of the Dungeon)

   SInv:      It lets you see invisible.
   +Inv:      It lets you turn invisible.
   Contam:    It causes magical contamination when unequipped.
   Stlth:     It makes you less stealthy.
 o - a +0 helmet (worn)
 s - a +0 plate armour (worn)
Jewellery
 q - a +6 ring of strength (left hand)
Scrolls
 m - a scroll of identify
Potions
 d - 2 potions of might
 f - 2 potions of mutation
 g - a potion of lignification
 h - 2 potions of curing
 p - 2 potions of haste

Dungeon Overview and Level Annotations

Branches:
Dungeon (7/15)
 Temple: D:4-7

Altars:
Gozag
Ru


Message History

The arrow hits you.
You see here 2 javelins.
The centaur shoots an arrow.
The arrow hits you but does no damage.
The centaur shoots an arrow.
The arrow barely misses you.
A wyvern comes into view.
The wyvern hisses angrily.
The centaur shoots an arrow.
The arrow hits you.
The centaur shoots an arrow.
The arrow hits you but does no damage.
The centaur shoots an arrow.
The arrow hits you but does no damage.
The centaur unwields a +0 shortbow.
The centaur hits you but does no damage.
You block the centaur's attack. x2; The centaur kicks you.
You barely miss the wyvern. You hit the centaur but do no damage.
The wyvern barely misses you. The centaur barely misses you.
The centaur kicks you but does no damage.
The wyvern bites you.
You completely miss the wyvern. You slash the centaur!
The centaur closely misses you. The centaur completely misses you.
The wyvern bites you! The centaur barely misses you.
The centaur kicks you but does no damage.
The wyvern bites you!
You closely miss the centaur.
The centaur is moderately wounded.
You hit the wyvern but do no damage. The centaur hits you.
The centaur kicks you but does no damage.
The wyvern closely misses you. You block the centaur's attack. x2
You slash the centaur!
The centaur is severely wounded.
You hit the wyvern.
The wyvern bites you but does no damage.
The centaur closely misses you. The centaur completely misses you.
The wyvern bites you! The centaur hits you.
The centaur kicks you but does no damage.
You slash the centaur!
You kill the centaur!
You hit the wyvern but do no damage.
The wyvern bites you but does no damage.
The wyvern bites you!
You die...

#
####.###############
...#.#..............
#......^....)..#
#..........@l..#
######..............#
....##..............#
....##..............#
....##.....(........#
######..............#
.......#.###.########
########.# #.# ..?
...


You could see a wyvern.

Vanquished Creatures
  A steam dragon (D:6)
  2 ice beasts
  An orc warrior (D:6)
  2 centaurs
  A kobold brigand (D:6)
  2 scorpions
  A howler monkey (D:5)
  A hound (D:4)
  A gnoll bouda (D:6)
  4 orc priests
  An iguana (D:5)
  An orc wizard (D:4)
  2 adders
  7 gnolls
  19 orcs
  3 ball pythons
  8 endoplasms
  2 giant cockroaches
  5 goblins
  5 hobgoblins
  5 kobolds
  2 quokkas
  3 bats
  3 frilled lizards
  5 rats
87 creatures vanquished.

Vanquished Creatures (others)
  An ogre (D:6)
1 creature vanquished.

Grand Total: 88 creatures vanquished

Notes
Turn   | Place    | Note
-------+----------+-------------------------------------------
     0 | D:1      | qw the Gargoyle Fighter began the quest for the Orb.
     0 | D:1      | Reached XP level 1. HP: 14/14 MP: 1/1
     0 | D:1      | 0 ||| qw: Version: 0.2-a-102-g2b76a06
     0 | D:1      | 0 ||| qw: Game counter: 464
     0 | D:1      | 0 ||| qw: Always use a shield: true
     0 | D:1      | 0 ||| qw: God list: Okawaru
     0 | D:1      | 0 ||| qw: Allow faded altars: false
     0 | D:1      | 0 ||| qw: Do Orc after D:15 true
     0 | D:1      | 0 ||| qw: Do second Lair branch before Depths: true
     0 | D:1      | 0 ||| qw: Lair rune preference: random
     0 | D:1      | 0 ||| qw: Plans: Normal, Zot:1-4, Slime:5, God:TSO, Crypt,
                  | Tomb, Pan, Hells, Abyss, Win
     0 | D:1      | 0 ||| PLANNING D:1-11
    76 | D:1      | Reached skill level 2 in Axes
   159 | D:1      | Reached XP level 2. HP: 19/19 MP: 2/2
   174 | D:1      | Found a faded altar of an unknown god.
   573 | D:1      | 573 ||| READING 3 scrolls labelled WUOTHA DAAVEETA.
   576 | D:1      | 576 ||| READING scroll labelled ALEONAZAIPS.
   577 | D:1      | 577 ||| READING scroll labelled AZUMILALARR.
   578 | D:1      | 578 ||| DRINKING 2 white potions.
   579 | D:1      | 579 ||| DROPPING potion of magic.
   580 | D:1      | 580 ||| DROPPING scroll of immolation.
   628 | D:2      | Identified the scarf of Jaciufoe {harm, Rampage Will+}
   733 | D:2      | 733 ||| Stepping ~*~*~tactically~*~*~ (stealth).
   820 | D:2      | Reached skill level 3 in Axes
   893 | D:2      | Reached XP level 3. HP: 23/23 MP: 3/3
  1438 | D:2      | 1438 ||| READING scroll labelled SIFAXT ULOW.
  1517 | D:3      | Found an opulent altar of Gozag.
  1517 | D:3      | Found the +3 giant club "Skullcrusher" {speed, Str+7}
  1521 | D:3      | 1521 ||| Stepping ~*~*~tactically~*~*~ (stealth).
  1526 | D:3      | 1526 ||| Stepping ~*~*~tactically~*~*~ (stealth).
  1527 | D:3      | 1527 ||| Stepping ~*~*~tactically~*~*~ (stealth).
  1543 | D:3      | Found a sacrificial altar of Ru.
  1994 | D:3      | 1994 ||| UPGRADING to +0 pair of boots.
  1999 | D:3      | 1999 ||| UPGRADING to +0 helmet.
  2004 | D:3      | 2004 ||| DROPPING ring of flight.
  2005 | D:3      | 2005 ||| READING scroll labelled OCSUUTAIST.
  2006 | D:3      | 2006 ||| READING scroll labelled XYIBUSTOOD.
  2007 | D:3      | 2007 ||| DRINKING 2 inky potions.
  2008 | D:3      | 2008 ||| READING 2 scrolls of identify.
  2008 | D:3      | 2008 ||| IDENTIFYING bubbling white potion
  2108 | D:4      | Reached skill level 1 in Throwing
  2108 | D:4      | Reached XP level 4. HP: 28/28 MP: 4/4
  2188 | D:4      | Reached skill level 4 in Axes
  2206 | D:4      | Noticed a scorpion
  2208 | D:4      | Killed a scorpion
  2209 | D:4      | Reached XP level 5. HP: 32/32 MP: 5/5
  2234 | D:4      | 2234 ||| Stepping ~*~*~tactically~*~*~ (hiding).
  2358 | D:4      | 2358 ||| DROPPING +0 club.
  2520 | D:4      | HP: 6/32 [orc priest/nerve-wracking pain (5)]
  2521 | D:4      | 2521 ||| READING 3 scrolls of teleportation.
  2523 | D:4      | Reached skill level 5 in Axes
  2527 | D:4      | HP: 2/32 [something/magic dart (7)]
  2535 | D:4      | HP: 2/32 [something (1)]
  2537 | D:4      | Reached XP level 6. HP: 3/38 MP: 6/6
  3198 | D:4      | 3198 ||| READING scroll labelled FENOMAB REHAVE.
  3199 | D:4      | 3199 ||| READING scroll labelled IKETRI JIAMOU.
  3200 | D:4      | 3200 ||| READING 2 scrolls of identify.
  3200 | D:4      | 3200 ||| IDENTIFYING glowing pink potion
  3257 | D:5      | Entered Level 5 of the Dungeon
  3330 | D:5      | 3330 ||| Stepping ~*~*~tactically~*~*~ (stealth).
  3375 | D:5      | 3375 ||| Stepping ~*~*~tactically~*~*~ (stealth).
  3376 | D:5      | 3376 ||| Stepping ~*~*~tactically~*~*~ (stealth).
  3377 | D:5      | 3377 ||| Stepping ~*~*~tactically~*~*~ (stealth).
  3433 | D:5      | Reached skill level 1 in Dodging
  3653 | D:5      | Reached XP level 7. HP: 44/44 MP: 7/7
  3897 | D:5      | 3897 ||| UPGRADING to +6 ring of strength.
  3898 | D:5      | 3898 ||| READING scroll labelled KIM SUIBLU.
  3899 | D:5      | 3899 ||| READING scroll labelled DEUXZEUCAN.
  3899 | D:5      | Identified a scroll of acquirement
  3899 | D:5      | 3899 ||| ACQUIRING +0 cloak "Opniruca" {Contam +Inv SInv
                  | Stlth-}
  3899 | D:5      | Acquired the +0 cloak "Opniruca" {Contam +Inv SInv Stlth-}
  3901 | D:5      | 3901 ||| DROPPING scarf of Jaciufoe {harm, Rampage Will+}.
  3902 | D:5      | 3902 ||| UPGRADING to +0 cloak "Opniruca" {Contam +Inv SInv
                  | Stlth-}.
  3907 | D:5      | 3907 ||| DRINKING 2 murky yellow potions.
  3908 | D:5      | 3908 ||| READING 2 scrolls of identify.
  3908 | D:5      | 3908 ||| IDENTIFYING grey potion
  3909 | D:5      | 3909 ||| Stepping ~*~*~tactically~*~*~ (stealth).
  4186 | D:6      | 4186 ||| Stepping ~*~*~tactically~*~*~ (hiding).
  4196 | D:6      | Reached skill level 6 in Axes
  4218 | D:6      | 4218 ||| Stepping ~*~*~tactically~*~*~ (stealth).
  4236 | D:6      | HP: 6/44 [orc warrior/+0 glaive (9)]
  4237 | D:6      | 4237 ||| READING 3 scrolls of teleportation.
  4238 | D:6      | 4238 ||| DRINKING potion of heal wounds.
  4596 | D:6      | Noticed a steam dragon
  4597 | D:6      | 4597 ||| Stepping ~*~*~tactically~*~*~ (hiding).
  4598 | D:6      | 4598 ||| Stepping ~*~*~tactically~*~*~ (hiding).
  4599 | D:6      | 4599 ||| Stepping ~*~*~tactically~*~*~ (stealth).
  4600 | D:6      | 4600 ||| Stepping ~*~*~tactically~*~*~ (cloud).
  4615 | D:6      | HP: 8/44 [steam dragon (4)]
  4616 | D:6      | 4616 ||| READING 2 scrolls of teleportation.
  4617 | D:6      | Killed a steam dragon
  4618 | D:6      | Reached skill level 7 in Axes
  4645 | D:6      | 4645 ||| FLEEEEING.
  4646 | D:6      | 4646 ||| FLEEEEING.
  4647 | D:6      | 4647 ||| FLEEEEING.
  4652 | D:6      | 4652 ||| FLEEEEING.
  4653 | D:6      | 4653 ||| FLEEEEING.
  4654 | D:6      | 4654 ||| FLEEEEING.
  4655 | D:6      | 4655 ||| FLEEEEING.
  4656 | D:6      | 4656 ||| FLEEEEING.
  4657 | D:6      | 4657 ||| FLEEEEING.
  4658 | D:6      | 4658 ||| FLEEEEING.
  4659 | D:6      | 4659 ||| FLEEEEING.
  4660 | D:6      | 4660 ||| FLEEEEING.
  4661 | D:6      | 4661 ||| FLEEEEING.
  4666 | D:6      | 4666 ||| FLEEEEING.
  4667 | D:6      | 4667 ||| FLEEEEING.
  4672 | D:6      | 4672 ||| FLEEEEING.
  4673 | D:6      | 4673 ||| FLEEEEING.
  4674 | D:6      | 4674 ||| FLEEEEING.
  4675 | D:6      | 4675 ||| FLEEEEING.
  4676 | D:6      | 4676 ||| FLEEEEING.
  4677 | D:6      | 4677 ||| FLEEEEING.
  4678 | D:6      | 4678 ||| FLEEEEING.
  4679 | D:6      | 4679 ||| FLEEEEING.
  4680 | D:6      | 4680 ||| FLEEEEING.
  4681 | D:6      | 4681 ||| FLEEEEING.
  4682 | D:6      | 4682 ||| FLEEEEING.
  4683 | D:6      | 4683 ||| FLEEEEING.
  4684 | D:6      | 4684 ||| FLEEEEING.
  4685 | D:6      | 4685 ||| FLEEEEING.
  4688 | D:6      | 4688 ||| FLEEEEING.
  4689 | D:6      | 4689 ||| FLEEEEING.
  4690 | D:6      | 4690 ||| FLEEEEING.
  4691 | D:6      | 4691 ||| FLEEEEING.
  4692 | D:6      | 4692 ||| FLEEEEING.
  4693 | D:6      | 4693 ||| FLEEEEING.
  4694 | D:6      | 4694 ||| FLEEEEING.
  4695 | D:6      | 4695 ||| FLEEEEING.
  4696 | D:6      | 4696 ||| FLEEEEING.
  4701 | D:6      | 4701 ||| FLEEEEING.
  4702 | D:6      | 4702 ||| STAIRDANCE
  4748 | D:5      | 4748 ||| DROPPING +6 ring of intelligence.
  4749 | D:5      | 4749 ||| DRINKING 2 lumpy blue potions.
  4750 | D:5      | 4750 ||| DRINKING 3 potions of curing.
  4750 | D:5      | 4750 ||| (to cure confusion)
  4751 | D:5      | 4751 ||| DROPPING potion of ambrosia.
  4760 | D:6      | Reached XP level 8. HP: 49/49 MP: 8/8
  5074 | D:6      | HP: 12/49 [orc priest/divine providence (11)]
  5075 | D:6      | 5075 ||| READING scroll of teleportation.
  5076 | D:6      | HP: 3/49 [orc priest/divine providence (10)]
  5439 | D:6      | 5439 ||| Stepping ~*~*~tactically~*~*~ (stealth).
  5450 | D:6      | 5450 ||| Stepping ~*~*~tactically~*~*~ (hiding).
  5560 | D:6      | Found the +7 staff of the Meek {protect, meekguard}
  5727 | D:6      | 5727 ||| DROPPING +1 leather armour of fire resistance.
  5728 | D:6      | 5728 ||| UPGRADING to +0 plate armour.
  5738 | D:6      | 5738 ||| DROPPING +0 scale mail.
  5739 | D:6      | 5739 ||| READING 2 scrolls of identify.
  5739 | D:6      | 5739 ||| IDENTIFYING smoky emerald potion
  5740 | D:6      | 5740 ||| DROPPING potion of flight.
  5900 | D:7      | 5900 ||| Stepping ~*~*~tactically~*~*~ (stealth).
  5912 | D:7      | 5912 ||| Stepping ~*~*~tactically~*~*~ (stealth).
  5924 | D:7      | Noticed a wyvern
  5930 | D:7      | HP: 7/49 [wyvern (10)]
  5931 | D:7      | Slain by a wyvern

Levels and vault maps discovered:
D:1:      lemuel_arrival_rhombus, layout_loops_ring,
          hellmonk_ecumenical_altar_blasted, minmay_splitting_lines
D:2:      layout_basic
D:3:      layout_basic, grunt_temple_overflow_open
D:4:      layout_basic, serial_forest, infiniplex_forest_end_1,
          infiniplex_forest_clump_small, infiniplex_forest_corner_1,
          infiniplex_forest_clump_cross, infiniplex_forest_clump_medium,
          infiniplex_forest_lined_2, infiniplex_forest_lined_2,
          infiniplex_forest_pool, hex_large
D:5:      layout_basic, kennysheep_boxes
D:6:      layout_basic, serial_bayou_lagoon_a, pf_guarded_unrand_meek
D:7:      layout_basic, minmay_temple_entry_sparse_star, minmay_nine_imps

Skill      XL: |  1  2  3  4  5  6  7  8 |
---------------+-------------------------+-----
Axes           | 2 3 4 5 7 |  7.2
Throwing       | 1 2 |  2.0
Fighting       | 4 5 |  5.1
Dodging        | 1 |  1.6
Armour         | 4 |  4.1
Shields        | |  3.2

Action                     |  1- 3 |  4- 6 |  7- 9 || total
---------------------------+-------+-------+-------++-------
  Melee: War axe           |    93 |    63 |   107 ||   263
  Throw: Javelin           |     7 |    14 |     9 ||    30
         Boomerang         |       |       |     2 ||     2
    Use: Scroll            |     7 |     4 |     7 ||    18
         Potion            |     2 |       |     4 ||     6
 Armour: Scale mail        |    41 |    60 |    43 ||   144
         Plate armour      |       |       |    13 ||    13
  Dodge: Dodged            |    26 |    25 |    51 ||   102
  Block: Buckler           |    14 |    15 |    22 ||    51

Table legend:
 A = Non-vault XP
 B = Vault XP
 C = Vault XP percentage of total XP
 D = Non-vault monster count
 E = Vault monster count
 F = Vault count percentage of total count
                 A         B        C        D         E       F
            +---------+---------+-------+---------+---------+-------
      Total |    1446 |     213 |  12.8 |      77 |      10 |  11.5
            +---------+---------+-------+---------+---------+-------
        D:1 |      18 |       0 |   0.0 |      11 |       0 |   0.0
        D:2 |      40 |       0 |   0.0 |      16 |       0 |   0.0
        D:3 |      17 |       0 |   0.0 |       9 |       0 |   0.0
        D:4 |     267 |       0 |   0.0 |      14 |       0 |   0.0
        D:5 |     304 |       0 |   0.0 |       9 |       0 |   0.0
        D:6 |     560 |     213 |  27.6 |      16 |      10 |  38.5
        D:7 |     240 |       0 |   0.0 |       2 |       0 |   0.0
            +---------+---------+-------+---------+---------+-------
